Map: Kairos Junction LE

Players

Eatlead - Winner!

  • Race: Protoss Protoss
  • Spawn Location: 5:00

Woah

  • Race: Terran Terran
  • League: Platinum
  • Spawn Location: 11:00

VOD

Have the link to the VOD?

Description

Time

  • Played on: June 11, 2019, 2:53 p.m.
  • Length: 13:11
Show
View Real Time Build Order
Export as new Build Order

Eatlead Protoss - Winner!

Build Orders:  

Get SALT Encoding   

  12  0:20  Probe  
  12  0:28  Probe  
  14  0:37  Probe  
  15  0:56  Pylon  
  15  1:01  Assimilator  
  15  1:13  Probe  
  15  1:17  Gateway  
  16  1:21  Probe  
  16  1:22  Assimilator  
  17  1:29  Probe  
  18  1:40  Probe  
  19  1:47  Gateway  
  19  1:52  Probe, Pylon  
  20  2:02  Probe  
  20  2:03  Gateway  
  20  2:06  Cybernetics Core  
  21  2:10  Probe  
  22  2:18  Probe  
  23  2:29  Pylon  
  23  2:34  Pylon  
  23  2:43  Stalker x2  
  27  2:46  Warp Gate  
  27  2:52  Stalker  
  29  3:11  Stargate  
  29  3:13  Stalker  
  29  3:17  Stalker  
  33  3:26  Stalker  
  35  3:43  Stalker  
  37  3:49  Forge  
  37  3:53  Pylon, Void Ray  
  41  4:31  Photon Cannon  
  41  4:36  Photon Cannon, Void Ray  
  45  4:58  Pylon  
  45  5:05  Stalker  
  45  5:06  Stalker  
  49  5:10  Stalker  
  49  5:14  Void Ray  
  55  5:40  Stalker  
  55  5:41  Stalker  
  59  5:50  Stalker  
  61  6:05  Stalker  
  33  7:25  Stalker  
  27  7:30  Void Ray  
  31  7:43  Zealot x2  
  35  7:53  Stalker  
  37  7:59  Void Ray  
  37  8:02  Gateway  
  37  8:04  Gateway  
  37  8:07  Gateway  
  37  8:15  Zealot  
  37  8:16  Zealot  
  37  8:17  Zealot  
  47  8:35  Stalker  
  47  8:36  Stalker  
  47  8:37  Stalker  
  47  8:39  Void Ray  
  57  9:01  Stalker x2  
  57  9:02  Stalker  
  63  9:13  Pylon  
  63  9:36  Void Ray  
  33  12:31  Pylon  
  33  12:33  Pylon  
Show
View Real Time Build Order
Export as new Build Order

Woah Terran 

Build Orders: Reaper Expand 

Get SALT Encoding   

  12  0:01  SCV  
  13  0:13  SCV  
  14  0:17  Supply Depot  
  14  0:28  SCV  
  15  0:40  SCV, Barracks  
  16  0:45  Refinery  
  16  0:53  SCV  
  17  1:06  SCV  
  18  1:18  SCV  
  19  1:32  Orbital Command  
  19  1:35  Reaper  
  20  1:44  Command Center  
  20  2:01  SCV  
  21  2:13  SCV, Barracks  
  22  2:15  Barracks  
  22  2:16  Barracks Reactor  
  22  2:24  Supply Depot  
  22  2:26  SCV  
  23  2:43  Bunker  
  23  2:51  SCV  
  24  2:53  Marine x2  
  24  2:56  Orbital Command  
  26  3:01  Barracks Tech Lab  
  26  3:05  Bunker  
  26  3:09  Barracks Tech Lab  
  26  3:14  Refinery  
  26  3:19  Marauder  
  28  3:31  Marauder, Marine  
  28  3:32  Marine  
  31  3:42  Factory  
  31  3:48  Concussive Shells  
  31  3:50  SCV  
  32  3:59  Supply Depot  
  32  4:02  SCV  
  33  4:06  Marauder  
  33  4:07  Marine x2  
  37  4:11  SCV  
  37  4:12  Engineering Bay  
  37  4:14  SCV  
  39  4:17  Supply Depot  
  39  4:23  SCV  
  40  4:31  Starport  
  40  4:36  Stimpack  
  40  4:41  Barracks Tech Lab  
  40  4:43  Missile Turret  
  40  4:45  SCV  
  40  4:48  SCV  
  42  4:54  Marauder  
  44  5:04  Siege Tank  
  44  5:06  SCV  
  48  5:08  SCV  
  49  5:17  Refinery  
  49  5:18  Missile Turret  
  49  5:25  SCV  
  52  5:36  SCV  
  51  5:50  Barracks  
  51  5:51  Factory Tech Lab, Barracks  
  51  5:54  Command Center  
  51  6:05  Engineering Bay  
  51  6:06  Marauder x2  
  51  6:08  Raven  
  51  6:09  Marine  
  51  6:10  Marine  
  59  6:13  Supply Depot  
  59  6:14  Supply Depot  
  45  6:45  Marauder x2, Marine x2  
  41  6:49  Marine x2  
  41  7:00  Orbital Command  
  41  7:02  Marine  
  41  7:03  Marine  
  41  7:06  Marauder, Marine  
  41  7:07  Marine x2  
  45  7:20  Marine x2  
  47  7:28  Orbital Command  
  47  7:38  Bunker  
  47  7:42  Engineering Bay  
  47  7:44  Engineering Bay, Supply Depot  
  47  7:46  Supply Depot  
  47  7:50  Barracks Reactor  
  51  7:51  Marauder x2  
  51  7:56  SCV  
  52  8:00  SCV  
  52  8:04  SCV  
  54  8:08  SCV  
  56  8:16  Terran Infantry Weapons Level 1  
  56  8:19  Combat Shield  
  56  8:23  SCV  
  56  8:28  Orbital Command  
  56  8:30  Medivac  
  56  8:33  Medivac  
  60  8:36  SCV x2  
  60  8:40  Marauder  
  64  8:46  Orbital Command  
  65  8:48  SCV  
  65  8:49  Supply Depot  
  65  8:57  Marauder x2, Marine x2  
  65  9:00  Medivac  
  73  9:06  Armory  
  73  9:08  Refinery  
  73  9:10  Supply Depot  
  73  9:14  Barracks  
  73  9:17  Barracks Reactor  
  73  9:25  SCV x3  
  76  9:31  Medivac  
  76  9:37  SCV  
  76  9:38  SCV x2  
  81  9:44  Marauder x2, Marine x2  
  86  9:49  SCV  
  86  9:50  SCV  
  63  10:11  Marauder  
  63  10:12  Marauder x2  
  42  11:02  Refinery  
  42  11:03  Supply Depot  
  16  12:18  Orbital Command  
Tags
 
League
Platinum
Matchup
PvT
Replay Pack
r1
Spawn Locations
Cross Positions
Add a new tag
Caveats
  • Supply blocks, unpowered buildings, or Contaminate may cause inaccurate times.
  • Supply counts are checked every 10 seconds.